 Dungeon Crawl Stone Soup version 0.20.1-1-g8b1a95d66d (webtiles) character file.

198 Kublaii the Sneak (level 5, 0/25 HPs)
             Began as a Spriggan Assassin on Dec 13, 2017.
             Succumbed to an adder's poison
             ... on level 3 of the Dungeon.
             The game lasted 00:16:05 (1434 turns).

Kublaii the Sneak (Spriggan Assassin)               Turns: 1434, Time: 00:16:06

Health: 0/25       AC:  3    Str: 10    XL:     5   Next: 47%
Magic:  6/6        EV: 32    Int: 18    God:
Gold:   98         SH:  0    Dex: 20    Spells: 4/4 levels left

rFire    . . .     SeeInvis +   a - +2 dagger
rCold    . . .     Gourm    .   (shield restricted)
rNeg     . . .     Faith    .   c - +0 robe
rPois    .         Spirit   .   (helmet restricted)
rElec    .         Reflect  .   d - +0 cloak
rCorr    .         Harm     +   (gloves unavailable)
MR       +....                  (boots unavailable)
Stlth    +++++.....             s - amulet of harm
Regen    0.0/turn               p - +5 ring of evasion
MPRegen  0.1/turn               q - ring of protection from magic

@: brilliant, agile, lethally poisoned (0 -> -5), non-regenerating, mildly
diseased, very quick
A: unfitting armour, camouflage 1, see invisible, clumsy 1, herbivore 3, speed
3, mutation resistance 1, slow metabolism 2, strong 1
a: no special abilities


You were on level 3 of the Dungeon.
You were not hungry.

You visited 1 branch of the dungeon, and saw 3 of its levels.

You collected 98 gold pieces.

Inventory:

Hand Weapons
 a - a +2 dagger (weapon)
 b - a +0 blowgun
Missiles
 e - 45 poisoned needles
 f - 2 curare-tipped needles
 j - 64 stones (quivered)
 o - 10 bolts
 v - 18 arrows
Armour
 c - a +0 robe (worn)
 d - a +0 cloak (worn)
Jewellery
 p - a +5 ring of evasion (left hand)
 q - a ring of protection from magic (right hand)
 s - an amulet of harm (around neck)
Scrolls
 i - a scroll of blinking
 r - 2 scrolls of identify
Potions
 k - 2 potions of cancellation
 m - a potion of brilliance
Comestibles
 g - 4 bread rations
 u - a royal jelly


   Skills:
 - Level 1.5 Fighting
 + Level 4.6 Short Blades
 - Level 2.0 Throwing
 + Level 5.8 Dodging
 - Level 5.8 Stealth


You had 4 spell levels left.
You didn't know any spells.

Dungeon Overview and Level Annotations

Branches:
Dungeon (3/15)

Altars:
Makhleb
Xom


Innate Abilities, Weirdness & Mutations

You are very small and have problems with some larger weapons.
You are too small for most types of armour.
You have supernaturally acute eyesight. (SInv)
You are a herbivore.
You cover ground extremely quickly.
You need consume almost no food.
Your skin changes colour to match your surroundings (Stealth+).
You are clumsy. (Dex -2)
You are somewhat resistant to further mutation.
Your muscles are strong. (Str +2)


Message History

* * * LOW HITPOINT WARNING * * *
You feel sick.
Unknown command.
You see here a club.
* * * LOW HITPOINT WARNING * * *
You feel sick.
You see here a necrophage corpse.
s - an amulet of harm (around neck)
As you read the scroll labeled IMYSUA LOUCU, it crumbles to dust.
It is a scroll of identify.
i - a scroll of blinking
As you read the scroll labeled EHEDICEHIACW, it crumbles to dust.
The air around you briefly surges with heat, but it dissipates.
It was a scroll of immolation.
* * * LOW HITPOINT WARNING * * *
You feel sick.
Unknown command.
* * * LOW HITPOINT WARNING * * *
You feel sick.
You die...

##........#.......#
#................##
......†..†....####
...[.............###..>
##.....................
............#..(###.
.#..........##...#
....#..####.....)###
###....[)..<.(..@..#
###.#####...###.......
#.# ##### ...(... ..#
.....(. .... ....(..
..... ....... .....
....... #..... .......


There were no monsters in sight!

Vanquished Creatures
  A necrophage (D:3)
  Natasha (D:3)
  6 adders
  An orc (D:3)
  A ball python (D:3)
  4 giant cockroaches
  4 goblins
  3 hobgoblins
  2 jackals (D:1)
  5 kobolds
  4 bats
  3 frilled lizards
  2 rats (D:2)
37 creatures vanquished.

Notes
Turn   | Place    | Note
-------+----------+-------------------------------------------
     0 | D:1      | Kublaii the Spriggan Assassin began the quest for the Orb.
     0 | D:1      | Reached XP level 1. HP: 10/10 MP: 2/2
   187 | D:1      | Reached XP level 2. HP: 10/14 MP: 3/3
   289 | D:1      | Found a shimmering altar of Xom.
   658 | D:2      | Reached XP level 3. HP: 15/18 MP: 4/4
   680 | D:2      | Found a burning altar of Makhleb.
  1239 | D:3      | Noticed Natasha
  1275 | D:3      | Killed Natasha
  1275 | D:3      | Reached XP level 4. HP: 21/22 MP: 5/5
  1353 | D:3      | Noticed a necrophage
  1394 | D:3      | Gained mutation: You are clumsy. (Dex -2) [potion of mutation]
  1394 | D:3      | Gained mutation: You have a pair of small antennae on your head. [potion of mutation]
  1394 | D:3      | Gained mutation: Your body sometimes deteriorates upon taking damage. [potion of mutation]
  1394 | D:3      | Gained mutation: Your skin changes colour to match your surroundings (Stealth+). [potion of mutation]
  1406 | D:3      | Killed a necrophage
  1406 | D:3      | Reached skill level 5 in Dodging
  1406 | D:3      | Reached XP level 5. HP: 19/25 MP: 6/6
  1423 | D:3      | Lost mutation: You are clumsy. (Dex -2) [potion of mutation]
  1423 | D:3      | Lost mutation: Your body sometimes deteriorates upon taking damage. [potion of mutation]
  1423 | D:3      | Lost mutation: You have a pair of small antennae on your head. [potion of mutation]
  1423 | D:3      | Gained mutation: You are clumsy. (Dex -2) [potion of mutation]
  1423 | D:3      | Gained mutation: Your muscles are strong. (Str +2) [potion of mutation]
  1423 | D:3      | Gained mutation: You are somewhat resistant to further mutation. [potion of mutation]
  1431 | D:3      | HP: 1/25 [poisoned by an adder]
  1434 | D:3      | Succumbed to an adder's poison

Skill      XL: |  1  2  3  4 |
---------------+-------------+-----
Dodging        | 2 3 4 5 |  5.8
Short Blades   | 3 4 |  4.6
Fighting       | |  1.5
Throwing       | |  2.0
Stealth        | |  5.8

Action                   |  1- 3 |  4- 6 || total
-------------------------+-------+-------++-------
Melee: Dagger            |    74 |    68 ||   142
 Fire: Blowgun           |    46 |     5 ||    51
Throw: Stone             |     3 |       ||     3
  Use: Potion            |       |     6 ||     6
       Scroll            |       |     2 ||     2
Armor: Robe              |     6 |     5 ||    11
Dodge: Dodged            |    59 |    82 ||   141
